[ AOE2 MATCH · #513638405 ]
UnrankedMaya vs Wei
Player's team · WIN
Rival team · LOSS
[ REPLAY ANALYSIS · EXTRACTED FROM THE RECORDED GAME ]
Feudal
9:57
Castle
21:12
Imperial
—
| APM avg | 61.9 |
| APM peak | 95 |
| eAPM avg | 25.0 |
| Villagers / military | 53 / 44 |
Focus
⚔️ 30.2% · 🌾 69.8%
Archer ×30 · Eagle Scout ×8 · Skirmisher ×4 · Mangonel ×1 · Spearman ×1
Feudal
10:29
Castle
22:46
Imperial
—
| APM avg | 57.1 |
| APM peak | 112 |
| eAPM avg | 21.1 |
| Villagers / military | 46 / 29 |
Focus
⚔️ 43.2% · 🌾 56.8%
Archer ×15 · Skirmisher ×10 · Mangonel ×3 · Scorpion ×1
Match map
Initial resources + every placement click. Lines = walls · curves = elevation contours. ◆ gold · ⬟ stone · ● berries · ✦ relic · ◌ wall gap
Your base· Open — 2t gap
AgentP_97's base· Open — 2t gap
Smoothed initial terrain · ◌ = detected wall gap · hover for details
Inputs per minute
— Youssef - - AgentP_97
Build order — Youssef
First 150 of 170 actions detected
| 0:03 | Queue | Villager (Male) |
| 0:03 | Queue | Villager (Male) |
| 0:04 | Build | House |
| 0:05 | Build | House |
| 0:08 | Research | Loom |
| 0:08 | Research | Loom |
| 0:10 | Queue | Villager (Male) |
| 0:38 | Queue | Villager (Male) |
| 0:38 | Queue | Villager (Male) |
| 0:38 | Queue | Villager (Male) |
| 1:37 | Queue | Villager (Male) |
| 1:37 | Queue | Villager (Male) |
| 1:53 | Queue | Villager (Male) |
| 1:53 | Queue | Villager (Male) |
| 2:09 | Queue | Villager (Male) |
| 2:09 | Queue | Villager (Male) |
| 2:31 | Build | Lumber Camp |
| 2:46 | Queue | Villager (Male) |
| 3:14 | Queue | Villager (Male) |
| 3:35 | Queue | Villager (Male) |
| 3:57 | Build | House |
| 4:10 | Queue | Villager (Male) |
| 4:21 | Build | House |
| 4:24 | Queue | Villager (Male) |
| 5:00 | Queue | Villager (Male) |
| 5:24 | Queue | Villager (Male) |
| 5:26 | Build | Mill |
| 5:38 | Queue | Villager (Male) |
| 6:17 | Queue | Villager (Male) |
| 6:49 | Queue | Villager (Male) |
| 7:03 | Build | Barracks |
| 7:13 | Queue | Villager (Male) |
| 7:47 | Research | Feudal Age |
| 7:48 | Research | Feudal Age |
| 7:48 | Research | Feudal Age |
| 7:51 | Build | Farm |
| 8:01 | Build | Farm |
| 8:17 | Build | House |
| 8:39 | Build | Mining Camp |
| 8:43 | Build | Palisade Wall |
| 8:47 | Build | Palisade Wall |
| 9:37 | Build | Palisade Wall |
| 9:57 | Age | Feudal Age |
| 9:59 | Build | Archery Range |
| 9:59 | Queue | Spearman |
| 10:00 | Queue | Villager (Male) |
| 10:05 | Queue | Villager (Male) |
| 10:11 | Build | Blacksmith |
| 10:25 | Research | Double-Bit Axe |
| 10:25 | Research | Double-Bit Axe |
| 10:38 | Queue | Archer |
| 10:41 | Build | Palisade Wall |
| 10:46 | Queue | Villager (Male) |
| 11:01 | Queue | Archer |
| 11:10 | Build | Farm |
| 11:11 | Build | Farm |
| 11:13 | Queue | Villager (Male) |
| 11:34 | Build | Farm |
| 11:35 | Queue | Villager (Male) |
| 11:37 | Build | House |
| 11:47 | Queue | Archer |
| 11:58 | Build | Farm |
| 11:59 | Queue | Villager (Male) |
| 12:16 | Build | House |
| 12:20 | Build | Farm |
| 12:21 | Build | Farm |
| 12:31 | Queue | Villager (Male) |
| 12:48 | Queue | Archer |
| 12:53 | Build | Farm |
| 12:53 | Build | Farm |
| 12:55 | Queue | Villager (Male) |
| 12:58 | Build | Palisade Gate |
| 13:00 | Build | House |
| 13:03 | Queue | Archer |
| 13:18 | Queue | Villager (Male) |
| 13:22 | Build | Farm |
| 13:34 | Queue | Eagle Scout |
| 13:36 | Queue | Villager (Male) |
| 13:41 | Queue | Archer |
| 13:59 | Research | Fletching |
| 13:59 | Research | Fletching |
| 14:00 | Queue | Villager (Male) |
| 14:08 | Build | Farm |
| 14:09 | Build | Farm |
| 14:23 | Queue | Villager (Male) |
| 14:37 | Queue | Eagle Scout |
| 14:37 | Queue | Eagle Scout |
| 14:38 | Queue | Skirmisher |
| 14:44 | Build | Farm |
| 14:46 | Queue | Villager (Male) |
| 14:56 | Build | Farm |
| 14:57 | Build | Farm |
| 15:04 | Queue | Skirmisher |
| 15:11 | Build | Farm |
| 15:13 | Queue | Villager (Male) |
| 15:18 | Build | House |
| 15:27 | Queue | Eagle Scout |
| 15:46 | Queue | Villager (Male) |
| 16:00 | Queue | Archer |
| 16:02 | Queue | Villager (Male) |
| 16:17 | Queue | Skirmisher |
| 16:22 | Build | Farm |
| 16:22 | Build | Farm |
| 16:26 | Queue | Villager (Male) |
| 16:58 | Queue | Villager (Male) |
| 17:05 | Queue | Eagle Scout |
| 17:06 | Queue | Skirmisher |
| 17:14 | Build | House |
| 17:15 | Build | House |
| 17:56 | Queue | Villager (Male) |
| 18:03 | Build | Farm |
| 18:09 | Build | Lumber Camp |
| 18:12 | Queue | Eagle Scout |
| 18:21 | Queue | Archer |
| 18:32 | Research | Castle Age |
| 18:32 | Research | Castle Age |
| 18:33 | Queue | Archer |
| 18:45 | Queue | Archer |
| 18:47 | Build | Barracks |
| 18:51 | Build | Mining Camp |
| 18:55 | Queue | Eagle Scout |
| 19:06 | Research | Scale Mail Armor |
| 19:06 | Research | Scale Mail Armor |
| 19:16 | Build | House |
| 19:25 | Queue | Archer |
| 19:32 | Build | Archery Range |
| 19:42 | Queue | Eagle Scout |
| 19:46 | Research | Forging |
| 20:09 | Queue | Archer |
| 20:11 | Queue | Villager (Male) |
| 20:16 | Build | Farm |
| 20:31 | Queue | Archer |
| 21:09 | Queue | Archer |
| 21:09 | Queue | Archer |
| 21:12 | Age | Castle Age |
| 21:16 | Build | Siege Workshop |
| 21:19 | Queue | Villager (Male) |
| 21:20 | Queue | Archer |
| 21:23 | Research | Bodkin Arrow |
| 21:23 | Research | Bodkin Arrow |
| 21:27 | Research | Crossbowman (upgrade) |
| 21:27 | Research | Crossbowman (upgrade) |
| 21:43 | Queue | Villager (Male) |
| 21:49 | Queue | Archer |
| 21:49 | Queue | Archer |
| 22:12 | Queue | Villager (Male) |
| 22:17 | Queue | Archer |
| 22:17 | Queue | Archer |
| 22:41 | Queue | Archer |
| 22:41 | Queue | Archer |
Build order — AgentP_97
143 actions detected in the replay
| 0:00 | Queue | Villager (Male) ×4 |
| 0:02 | Build | House |
| 0:03 | Build | House |
| 1:20 | Queue | Villager (Male) |
| 1:30 | Research | Loom |
| 1:50 | Build | Lumber Camp |
| 1:54 | Queue | Villager (Male) |
| 2:03 | Queue | Villager (Male) |
| 2:44 | Queue | Villager (Male) |
| 3:06 | Queue | Villager (Male) |
| 3:14 | Queue | Villager (Male) |
| 3:55 | Build | House |
| 3:59 | Queue | Villager (Male) |
| 5:09 | Queue | Villager (Male) |
| 5:09 | Queue | Villager (Male) |
| 5:18 | Build | Mill |
| 5:22 | Queue | Villager (Male) |
| 5:22 | Queue | Villager (Male) |
| 5:28 | Queue | Villager (Male) |
| 5:28 | Queue | Villager (Male) |
| 6:13 | Queue | Villager (Male) |
| 6:13 | Queue | Villager (Male) |
| 6:57 | Build | House |
| 7:14 | Queue | Villager (Male) |
| 7:47 | Queue | Villager (Male) |
| 8:03 | Build | Farm |
| 8:05 | Build | Farm |
| 8:14 | Research | Feudal Age |
| 9:23 | Build | Barracks |
| 9:29 | Build | House |
| 10:27 | Queue | Villager (Male) |
| 10:29 | Age | Feudal Age |
| 10:30 | Build | Archery Range |
| 10:31 | Research | Double-Bit Axe |
| 10:38 | Queue | Villager (Male) |
| 10:46 | Queue | Villager (Male) |
| 10:53 | Build | House |
| 11:08 | Build | House |
| 11:09 | Build | Palisade Wall |
| 11:16 | Queue | Villager (Male) |
| 11:21 | Build | Palisade Wall |
| 11:26 | Queue | Skirmisher |
| 11:27 | Queue | Skirmisher |
| 11:41 | Research | Horse Collar |
| 11:42 | Queue | Villager (Male) |
| 11:48 | Build | Farm |
| 11:49 | Queue | Villager (Male) |
| 12:04 | Build | Palisade Wall |
| 12:08 | Build | Farm |
| 12:09 | Queue | Villager (Male) |
| 12:12 | Queue | Skirmisher |
| 12:33 | Queue | Villager (Male) |
| 12:36 | Build | Blacksmith |
| 12:42 | Build | Farm |
| 12:54 | Queue | Skirmisher |
| 13:09 | Build | Farm |
| 13:18 | Queue | Villager (Male) |
| 13:29 | Research | Fletching |
| 13:37 | Build | Farm |
| 13:39 | Build | Farm |
| 13:41 | Queue | Villager (Male) |
| 13:46 | Build | House |
| 13:52 | Queue | Skirmisher |
| 13:54 | Queue | Villager (Male) |
| 14:12 | Build | Mining Camp |
| 14:18 | Queue | Villager (Male) |
| 14:21 | Build | House |
| 14:22 | Build | Palisade Wall |
| 14:31 | Queue | Villager (Male) |
| 14:42 | Queue | Skirmisher |
| 14:50 | Build | Farm |
| 15:01 | Queue | Villager (Male) |
| 15:03 | Build | Farm |
| 15:11 | Queue | Archer |
| 15:21 | Queue | Villager (Male) |
| 15:23 | Build | Farm |
| 15:30 | Queue | Archer |
| 15:33 | Queue | Villager (Male) |
| 16:03 | Queue | Archer |
| 16:07 | Queue | Villager (Male) |
| 16:18 | Build | House |
| 16:20 | Build | House |
| 16:24 | Build | Farm |
| 16:28 | Research | Padded Archer Armor |
| 16:29 | Queue | Villager (Male) |
| 16:32 | Build | Farm |
| 16:35 | Build | Farm |
| 16:48 | Build | House |
| 16:51 | Build | House |
| 17:03 | Queue | Skirmisher |
| 17:05 | Queue | Archer |
| 17:12 | Build | House |
| 17:13 | Build | House |
| 17:14 | Build | House |
| 17:16 | Queue | Skirmisher |
| 17:21 | Queue | Archer |
| 17:49 | Queue | Villager (Male) |
| 17:49 | Queue | Skirmisher |
| 18:03 | Queue | Skirmisher |
| 18:08 | Build | Lumber Camp |
| 18:10 | Build | Farm |
| 18:21 | Build | House |
| 18:26 | Queue | Villager (Male) |
| 18:27 | Queue | Archer |
| 18:27 | Queue | Archer |
| 18:43 | Build | Lumber Camp |
| 18:48 | Build | Palisade Wall |
| 19:00 | Build | Farm |
| 19:07 | Build | Farm |
| 19:09 | Queue | Archer |
| 19:16 | Queue | Villager (Male) |
| 19:17 | Queue | Archer |
| 19:30 | Build | Palisade Gate |
| 19:40 | Build | Archery Range |
| 20:06 | Research | Castle Age |
| 20:07 | Queue | Archer |
| 20:31 | Queue | Archer |
| 20:31 | Queue | Archer |
| 21:00 | Queue | Archer |
| 21:01 | Build | Stable |
| 21:05 | Research | Scale Barding Armor |
| 21:14 | Queue | Villager (Male) |
| 21:17 | Queue | Archer |
| 21:34 | Build | Market |
| 21:37 | Queue | Archer |
| 21:47 | Research | Bloodlines |
| 21:52 | Build | Archery Range |
| 21:59 | Research | Gold Mining |
| 22:15 | Build | House |
| 22:17 | Build | House |
| 22:21 | Build | House |
| 22:46 | Age | Castle Age |
| 22:48 | Build | Siege Workshop |
| 22:51 | Research | Bodkin Arrow |
| 22:57 | Research | Crossbowman (upgrade) |
| 23:07 | Build | Town Center |
| 23:08 | Queue | Villager (Male) |
| 23:23 | Queue | Scorpion |
| 23:31 | Queue | Mangonel |
| 24:02 | Queue | Villager (Male) |
| 24:26 | Queue | Villager (Male) |
| 24:30 | Queue | Mangonel |
| 24:58 | Queue | Mangonel |
Match timeline
| 7:03 | Youssef · first_building Barracks |
| 8:43 | Youssef · wall_segment Palisade Wall x1 |
| 8:47 | Youssef · wall_segment Palisade Wall x1 |
| 9:23 | AgentP_97 · first_building Barracks |
| 9:37 | Youssef · wall_segment Palisade Wall x4 |
| 9:57 | Youssef · age_up feudal |
| 9:59 | Youssef · first_building Archery Range |
| 10:29 | AgentP_97 · age_up feudal |
| 10:30 | AgentP_97 · first_building Archery Range |
| 10:41 | Youssef · wall_segment Palisade Wall x7 |
| 11:09 | AgentP_97 · wall_segment Palisade Wall x1 |
| 11:21 | AgentP_97 · wall_segment Palisade Wall x1 |
| 12:04 | AgentP_97 · wall_segment Palisade Wall x10 |
| 14:22 | AgentP_97 · wall_segment Palisade Wall x14 |
| 18:48 | AgentP_97 · wall_segment Palisade Wall x1 |
| 21:01 | AgentP_97 · first_building Stable |
| 21:12 | Youssef · age_up castle |
| 21:16 | Youssef · first_building Siege Workshop |
| 22:46 | AgentP_97 · age_up castle |
| 22:48 | AgentP_97 · first_building Siege Workshop |
| 22:56 | AgentP_97 · first_market_sell 100 wood |
| 22:56 | AgentP_97 · first_market_buy 100 food |
| 23:30 | Youssef · first_building Castle |
| 25:36 | AgentP_97 · resign |
[ AI ANALYSIS · 1 CREDIT ]
What really happened in this match?
Wolo.gg analyzes every decision: build order, eco, micro, common mistakes by bracket. Personalized analysis on WhatsApp or Discord in 30 seconds.
Civ guide
Maya
Perfil
Youssef